 Dungeon Crawl Stone Soup version 0.23-a0-183-gf37f6fb (webtiles) character file.

87 mandick the Sneak (level 4, -2/34 HPs)
             Began as a Vampire Assassin on Sept 22, 2018.
             Slain by a gnoll
             ... wielding a +0 halberd
              (10 damage)
             ... on level 3 of the Dungeon.
             The game lasted 00:08:32 (2589 turns).

mandick the Sneak (Vampire Assassin)                Turns: 2589, Time: 00:08:32

Health: -2/34      AC:  3    Str: 10    XL:     4   Next: 28%
Magic:  4/4        EV: 13    Int: 13    God:
Gold:   82         SH:  0    Dex: 16    Spells: 3/3 levels left

rFire    . . .     SeeInvis +   a - +2 dagger
rCold    + . .     Gourm    .   (no shield)
rNeg     + + .     Faith    .   c - +0 robe
rPois    +         Spirit   .   (no helmet)
rElec    .         Reflect  .   d - +0 cloak
rCorr    .         Harm     .   (no gloves)
MR       .....                  (no boots)
Stlth    ++++......             (no amulet)
HPRegen  0.05/turn              (no ring)
MPRegen  0.09/turn              (no ring)

@: regenerating slowly
A: fangs 3, see invisible, unbreathing
a: Bat Form


You were on level 3 of the Dungeon.
You were near bloodless.

You visited 1 branch of the dungeon, and saw 3 of its levels.

You collected 82 gold pieces.

Inventory:

Hand Weapons
 a - a +2 dagger (weapon)
 b - a +0 blowgun
Missiles
 e - 14 poisoned needles
 f - 2 curare-tipped needles
Armour
 c - a +0 robe (worn)
 d - a +0 cloak (worn)
Scrolls
 h - a scroll of enchant armour {unknown}
 j - 4 scrolls of magic mapping {unknown}
 k - 2 scrolls of enchant weapon {unknown}
 m - a scroll of teleportation {unknown}
 p - a scroll of remove curse {unknown}
Potions
 g - 26 potions of blood
 i - a potion of magic {unknown}
 l - a potion of haste {unknown}
 n - a potion of degeneration {unknown}
 o - a potion of cancellation {unknown}


   Skills:
 + Level 2.5 Fighting
 - Level 2.1 Short Blades
 + Level 2.3 Throwing
 + Level 2.3 Dodging
 + Level 6.7 Stealth


You had 3 spell levels left.
You didn't know any spells.
Your spell library was empty.

Dungeon Overview and Level Annotations

Branches:
Dungeon (3/15)

Altars:
Ashenzari


Innate Abilities, Weirdness & Mutations

You heal slowly.
You have razor-sharp teeth.
You have supernaturally acute eyesight. (SInv)
You can survive without breathing.


Message History

You hit the gnoll.
The gnoll is severely wounded.
The gnoll barely misses you.
You hit the gnoll.
The gnoll is severely wounded.
The gnoll barely misses you.
You barely miss the gnoll.
The gnoll is severely wounded.
You feel almost devoid of blood!
You closely miss the gnoll.
The gnoll is severely wounded.
The gnoll hits you with a halberd!
* * * LOW HITPOINT WARNING * * *
You hit the gnoll but do no damage.
The gnoll is severely wounded.
The gnoll barely misses you.
You hit the gnoll but do no damage.
The gnoll is severely wounded.
The gnoll hits you with a halberd!
You die...

#################.# ########.###
#...........).....####...........
#.#####.########.......######.###
......)...........###### #.#
..#####.########<## #†#
.#####.###### #.# #.###
#............# #.# #####...#
#.#####.####.# #.# .......... #<#
#.# #@# .#######.# #.# #.# #g#
#.# #.####.###)# #.# #.......[..#
#.# ######>##### ..# #.# #.#
#######.## #.# .........### #.#
#######....##.## #.#


You could see a gnoll.

Vanquished Creatures
  2 gnolls (D:3)
  An ooze (D:3)
  A worm (D:2)
  2 dart slugs
  A leopard gecko (D:2)
  7 bats
  2 giant cockroaches
  12 goblins
  9 hobgoblins
  2 jackals (D:3)
  2 quokkas (D:2)
  5 frilled lizards
  3 kobolds
  4 rats
53 creatures vanquished.

Notes
Turn   | Place    | Note
-------+----------+-------------------------------------------
     0 | D:1      | mandick the Vampire Assassin began the quest for the Orb.
     0 | D:1      | Reached XP level 1. HP: 16/16 MP: 1/1
   102 | D:1      | Reached skill level 6 in Stealth
   161 | D:1      | Reached XP level 2. HP: 19/22 MP: 2/2
   546 | D:1      | Reached XP level 3. HP: 24/27 MP: 3/3
  1467 | D:3      | Found a shattered altar of Ashenzari.
  2242 | D:3      | Reached XP level 4. HP: 33/34 MP: 4/4
  2589 | D:3      | Slain by a gnoll

Vault maps used:
D:1:      grunt_arrival_lava_bath, hangedman_feature_mirror,
          minmay_misc_feat_ornament, hangedman_decor_points
D:2:      first_ration
D:3:      lemuel_castle_with_subvaults, chequers_ecumenical_altar_lobes,
          ashenzari_altar_1, uniq_terence

Skill      XL: |  1  2  3 |
---------------+----------+-----
Stealth        | 6 |  6.7
Fighting       | 2 |  2.5
Throwing       | 2 |  2.3
Dodging        | 2 |  2.3
Short Blades   | |  2.1

Action                   |  1- 3 |  4- 6 || total
-------------------------+-------+-------++-------
Melee: Dagger            |   117 |    37 ||   154
       Bite              |     1 |     1 ||     2
 Fire: Blowgun           |     8 |       ||     8
 Abil: End Transformatio |     1 |       ||     1
       Bat Form          |     1 |       ||     1
  Use: Potion            |     1 |     1 ||     2
 Stab: Sleeping          |    18 |       ||    18
Armor: Robe              |    17 |     1 ||    18
Dodge: Dodged            |    47 |    22 ||    69

Table legend:
 A = Non-vault XP
 B = Vault XP
 C = Vault XP percentage of total XP
 D = Non-vault monster count
 E = Vault monster count
 F = Vault count percentage of total count
                 A         B        C        D         E       F
            +---------+---------+-------+---------+---------+-------
      Total |     118 |       7 |   5.6 |      49 |       4 |   7.5
            +---------+---------+-------+---------+---------+-------
        D:1 |      43 |       3 |   6.5 |      26 |       2 |   7.1
        D:2 |      32 |       0 |   0.0 |      16 |       0 |   0.0
        D:3 |      43 |       4 |   8.5 |       7 |       2 |  22.2
            +---------+---------+-------+---------+---------+-------
